Map: Bel'Shir Vestige LE (Void)

Players

PiG

  • Race: Zerg Zerg
  • League: Grandmaster
  • Spawn Location: 5:00

A.I. 1 (Very Easy) - Winner!

  • Race: Protoss Protoss
  • Spawn Location: 11:00

VOD

https://www.youtube.com/watch?v=rs4z-xtYdD4

Description

This is just a very safe and solid opening for beginner zergs to use in all 3 matchups. It allows you to build economy and expand to 3 bases quickly. It’s just a guide that you can use consistently for the first few minutes of every game to give you a consistent start to practice. You can branch off into any style you want off this opening.

Time

  • Played on: April 9, 2017, 3:27 a.m.
  • Length: 7:35
Show
View Real Time Build Order
Export as new Build Order

PiG Zerg 

Build Orders: Pool First 

Get SALT Encoding   

  12  0:01  Drone  
  13  0:13  Overlord  
  13  0:17  Drone  
  14  0:31  Drone  
  14  0:32  Drone  
  16  0:37  Drone  
  17  0:46  Spawning Pool  
  17  0:48  Drone  
  17  1:09  Hatchery  
  16  1:13  Drone  
  16  1:16  Extractor  
  17  1:18  Drone  
  17  1:22  Drone  
  18  1:29  Drone  
  19  1:33  Queen  
  21  1:41  Overlord  
  21  1:51  Drone  
  22  2:03  Zergling x2  
  23  2:09  Queen  
  25  2:22  Metabolic Boost  
  25  2:24  Zergling x2  
  25  2:25  Zergling x2  
  25  2:28  Drone  
  25  2:29  Queen  
  30  2:37  Overlord  
  30  2:42  Drone x3  
  33  2:47  Drone  
  33  2:50  Drone x2  
  36  3:01  Drone x2  
  38  3:09  Roach Warren  
  37  3:17  Drone x3  
  37  3:19  Drone  
  42  3:20  Drone x3  
  42  3:24  Overlord  
  44  3:35  Hatchery  
  44  3:40  Overlord  
  43  3:52  Drone x6  
  43  3:53  Drone x2  
  51  3:59  Lair  
  51  4:02  Evolution Chamber  
  51  4:09  Drone, Extractor  
  50  4:11  Overlord x2  
  50  4:12  Extractor  
  49  4:20  Overlord x2  
  49  4:24  Drone x3  
  49  4:25  Drone x2  
  49  4:29  Zerg Missile Weapons Level 1  
  54  4:37  Drone x2  
  56  4:46  Drone x4  
  60  5:12  Roach x10  
  80  5:27  Roach x9  
  98  5:34  Overlord x3  
  97  5:35  Overlord x2  
  97  6:25  Roach x13  
Show
View Real Time Build Order
Export as new Build Order

A.I. 1 (Very Easy) Protoss - Winner!

Build Orders:  

Get SALT Encoding   

  12  0:01  Probe (Chrono Boost)  
  13  0:11  Probe (Chrono Boost)  
  14  0:20  Pylon  
  14  0:37  Assimilator  
  14  0:42  Gateway  
  14  0:44  Pylon  
  14  1:12  Assimilator  
  14  1:21  Probe (Chrono Boost)  
  15  1:31  Cybernetics Core  
  15  1:32  Probe (Chrono Boost)  
  16  1:42  Probe (Chrono Boost)  
  17  1:53  Probe (Chrono Boost)  
  18  1:55  Warp Gate  
  18  2:04  Probe (Chrono Boost)  
  18  2:06  Stalker  
  22  2:16  Probe (Chrono Boost)  
  21  4:17  Probe (Chrono Boost)  
  22  5:19  Zealot  
  22  5:21  Pylon  
  25  5:22  Probe (Chrono Boost)  
  25  5:23  Robotics Facility  
  25  5:33  Probe (Chrono Boost)  
  26  5:43  Probe (Chrono Boost)  
  26  5:51  Nexus  
  26  5:54  Probe (Chrono Boost)  
  27  6:05  Probe (Chrono Boost)  
  27  6:07  Pylon  
  27  6:09  Zealot  
  27  6:10  Observer  
  31  6:17  Probe (Chrono Boost)  
  30  6:28  Probe (Chrono Boost)  
  30  6:30  Observer  
  32  7:00  Stalker  
  33  7:05  Probe (Chrono Boost)  
  34  7:11  Probe (Chrono Boost)  
  35  7:16  Assimilator  
  35  7:18  Probe (Chrono Boost)  
  35  7:20  Assimilator  
Tags
 
Add a new tag
Caveats
  • Supply blocks, unpowered buildings, or Contaminate may cause inaccurate times.
  • Supply counts are checked every 10 seconds.